 Dungeon Crawl Stone Soup version 0.22-a0-369-gc73351f (webtiles) character file.

158 Klosterheim the Digger (level 5, -3/41 HPs)
             Began as a Formicid Earth Elementalist on Apr 24, 2018.
             Splashed by a jelly's acid (7 damage)
             ... on level 3 of the Dungeon.
             The game lasted 00:05:55 (2438 turns).

Klosterheim the Digger (FoEE)                       Turns: 2438, Time: 00:06:00

Health: -3/41      AC: -4    Str: 12    XL:     5   Next: 66%
Magic:  9/9        EV:  9    Int: 16    God:
Gold:   125        SH:  0    Dex: 11    Spells: 9/10 levels left

rFire    . . .     SeeInvis +   f - +2 dagger (venom)
rCold    . . .     Gourm    .   (no shield)
rNeg     . . .     Faith    .   m - +0 scale mail
rPois    .         Spirit   .   (helmet unavailable)
rElec    .         Reflect  .   q - +0 cloak
rCorr    .         Harm     .   (no gloves)
MR       .....                  (no boots)
Stlth    +.........             (no amulet)
HPRegen  0.13/turn              (no ring)
MPRegen  0.11/turn              (no ring)

@: corroded
A: permanent stasis, dig shafts and tunnels, four strong arms, antennae 3
a: Dig, Shaft Self


You were on level 3 of the Dungeon.
You were not hungry.

You visited 1 branch of the dungeon, and saw 3 of its levels.

You collected 125 gold pieces.

Inventory:

Hand Weapons
 f - a +2 dagger of venom (weapon)
 r - a +3 quarterstaff of chaos
Missiles
 b - 36 stones (quivered)
Armour
 m - a +0 scale mail (worn)
 q - a +0 cloak (worn)
Jewellery
 l - an uncursed ring of resist corrosion {unknown}
Wands
 n - a wand of acid (3)
Scrolls
 e - a scroll of remove curse {unknown}
 h - 2 scrolls of identify {unknown}
 j - a scroll of teleportation {unknown}
 k - a scroll of enchant weapon {unknown}
 p - a scroll of fear {unknown}
Potions
 a - a potion of heal wounds {unknown}
 g - a potion of agility {unknown}
 i - a potion of might {unknown}
 o - a potion of ambrosia {unknown}
Comestibles
 c - 7 chunks of flesh
 d - 2 rations


   Skills:
 + Level 3.1 Fighting
 + Level 0.2 Armour
 - Level 2.0 Dodging
 - Level 3.0 Stealth
 - Level 3.0 Spellcasting
   Level 1.1 Transmutations
 - Level 5.1 Earth Magic


You had 9 spell levels left.
You knew the following spells:

 Your Spells              Type           Power        Failure   Level  Hunger
a - Sandblast             Erth           ###...       13%         1    #......


Dungeon Overview and Level Annotations

Branches:
Dungeon (3/15)

Altars:
Cheibriados


Innate Abilities, Weirdness & Mutations

You cannot be hasted, slowed, berserked, paralysed or teleported.
You can dig through walls and to a lower floor.
Your four strong arms can wield two-handed weapons with a shield.
You have a pair of large antennae on your head. (SInv)


Message History

The jelly is lightly wounded.
The jelly hits you.
You are splashed with acid!
The acid burns!
You hit the jelly.
Your hands burn!
The jelly is moderately wounded.
The jelly barely misses you.
You hit the jelly.
The jelly is poisoned.
Your hands burn!
The jelly is heavily wounded.
The jelly hits you but does no damage.
You hit the jelly. The acid corrodes you!
Your hands burn!
The jelly is almost dead.
The jelly hits you. The acid corrodes you!
You are splashed with acid!
The acid burns!
* * * LOW HITPOINT WARNING * * *
You hit the jelly but do no damage.
Your hands burn!
* * * LOW HITPOINT WARNING * * *
The jelly is almost dead.
The jelly hits you.
* * * LOW HITPOINT WARNING * * *
The acid corrodes you!
You are splashed with acid!
The acid burns!
You die...

...# ##.# .#.# .#.# .#.#
#########
##.#############.......#
...............+........
##.#####.......#.......#
#>..)......._.)@J......
#.###.........#.......#
##+###........##.......#
....##.......###.......#
....##.......# #########
....##.......#
####.........#
#.........# {
#.........#


You could see a jelly.

Vanquished Creatures
  Crazy Yiuf (D:2)
  An orc priest (D:3)
  Terence (D:2)
  An adder (D:2)
  2 worms
  4 dart slugs
  4 leopard geckos
  2 orcs (D:3)
  A bat (D:1)
  2 giant cockroaches (D:2)
  11 goblins
  3 hobgoblins
  4 jackals (D:2)
  A quokka (D:2)
  2 frilled lizards
  A kobold (D:3)
  6 rats
47 creatures vanquished.

Notes
Turn   | Place    | Note
-------+----------+-------------------------------------------
     0 | D:1      | Klosterheim the Formicid Earth Elementalist began the quest for the Orb.
     0 | D:1      | Reached XP level 1. HP: 13/13 MP: 3/3
   454 | D:1      | Reached XP level 2. HP: 14/20 MP: 1/5
   960 | D:1      | Reached skill level 1 in Fighting
   960 | D:1      | Reached XP level 3. HP: 26/26 MP: 3/6
  1084 | D:1      | Reached skill level 4 in Earth Magic
  1495 | D:2      | Noticed Terence
  1572 | D:2      | Killed Terence
  1572 | D:2      | Reached XP level 4. HP: 33/33 MP: 4/8
  1705 | D:2      | Found a runed door.
  2172 | D:2      | Noticed Crazy Yiuf
  2176 | D:2      | Killed Crazy Yiuf
  2176 | D:2      | Reached XP level 5. HP: 39/39 MP: 5/9
  2258 | D:3      | Reached skill level 5 in Earth Magic
  2388 | D:3      | Found a snail-covered altar of Cheibriados.
  2438 | D:3      | Splashed by a jelly's acid

Vault maps used:
D:1:      dpeg_arrival_circle_labyrinth_a, minivault_11
D:2:      uniq_crazy_yiuf_cottage, uniq_terence
D:3:      cheibrodos_ashenzari_chains, cheibriados_altar_1,
          minmay_stone_trees_medium, uniq_grinder

Skill      XL: |  1  2  3  4  5 |
---------------+----------------+-----
Dodging        | 2 |  2.0
Fighting       | 1 2 3 |  3.1
Earth Magic    | 4 5 |  5.1
Stealth        | 3 |  3.0
Spellcasting   | 3 |  3.0
Armour         | |  0.2
Transmutations | |  1.1

Action                   |  1- 3 |  4- 6 || total
-------------------------+-------+-------++-------
Melee: Unarmed           |    66 |       ||    66
       Dagger            |    20 |    71 ||    91
 Cast: Sandblast         |    18 |     6 ||    24
 Abil: Dig               |     1 |       ||     1
 Stab: Sleeping          |     2 |       ||     2
  Eat: Chunk             |     2 |     3 ||     5
Armor: Robe              |    10 |       ||    10
       Leather armour    |     5 |       ||     5
       Scale mail        |       |    27 ||    27
Dodge: Dodged            |    64 |    21 ||    85

Table legend:
 A = Spawn XP
 B = Non-spawn XP
 C = Spawn XP percentage of total XP
 D = Spawn monster count
 E = Non-spawn monster count
 F = Spawn count percentage of total count
 G = Total turns spent on level
                    A         B        C        D         E        F      G
               +---------+---------+-------+---------+---------+-------+---------
         Total |       0 |     226 |   0.0 |       0 |      47 |   0.0 |  2438
               +---------+---------+-------+---------+---------+-------+---------
           D:1 |       0 |      34 |   0.0 |       0 |      16 |   0.0 |  1434
           D:2 |       0 |     135 |   0.0 |       0 |      23 |   0.0 |   801
           D:3 |       0 |      57 |   0.0 |       0 |       8 |   0.0 |   203
               +---------+---------+-------+---------+---------+-------+---------
